 Dungeon Sprint DCSS version 0.21.1-1-g345015f (webtiles) character file.

3175 Mesmaeker13 the Blocker (level 9, -6/93 HPs)
             Began as a Minotaur Fighter on Apr 13, 2018.
             Was a Believer of Trog.
             Splashed by Sonja's acid (16 damage)
             ... in the Dungeon (Sprint I: "Red Sonja").
             The game lasted 00:02:52 (1423 turns).

Mesmaeker13 the Blocker (Minotaur Fighter)          Turns: 1423, Time: 00:02:54

Health: -6/93      AC:  5    Str: 22    XL:     9   Next: 63%
Magic:  8/8        EV:  9    Int:  5    God:    Trog [**....]
Gold:   435        SH: 13    Dex: 12    Spells: 8/8 levels left

rFire    . . .     SeeInvis .   a - +0 flail
rCold    . . .     Gourm    .   c - +0 shield
rNeg     . . .     Faith    .   b - +0 scale mail
rPois    +         Spirit   .   (helmet restricted)
rElec    .         Reflect  .   (no cloak)
rCorr    .         Harm     .   (no gloves)
MR       .....     NoTele   +   (no boots)
Stlth    ..........             (no amulet)
HPRegen  0.25/turn              n - ring of poison resistance
MPRegen  0.11/turn              (no ring)

@: corroded, hasted, very quick
A: retaliatory headbutt, horns 2
a: Berserk, Trog's Hand, Burn Spellbooks, Renounce Religion


You were in the Dungeon.
You worshipped Trog.
Trog was pleased with you.
You were not hungry.

You visited 1 branch You collected 655 gold pieces.
You spent 220 gold pieces at shops.

Inventory:

Hand Weapons
 a - a +0 flail (weapon)
Armour
 b - a +0 scale mail (worn)
 c - a +0 shield (worn)
Jewellery
 n - a ring of poison resistance (left hand)
Scrolls
 j - a scroll of immolation {unknown}
 k - a scroll of blinking
 l - a scroll of identify {unknown}
Potions
 d - a potion of might
 e - a potion of curing
 i - 2 potions of magic
 m - a potion of invisibility {unknown}
Comestibles
 f - a ration
 o - 4 chunks of flesh


   Skills:
 + Level 13.5 Fighting
 + Level 13.2 Maces & Flails
 + Level 13.5 Armour
 + Level 13.5 Shields


You had 8 spell levels left.
You didn't know any spells.

Dungeon Overview and Level Annotations

Branches:
Dungeon (1/1)

Altars:
Cheibriados
Dithmenos
Elyvilon
Fedhas
Gozag
Hepliaklqana
Kikubaaqudgha
Makhleb
Nemelex Xobeh
Okawaru
Qazlal
Ru
Sif Muna
Trog
Uskayaw
Vehumet
Wu Jian
Xom
Yredelemnul
Zin
The Shining One
Jiyva
Lugonu

Shops:
D =[

Annotations:
D Sonja


Innate Abilities, Weirdness & Mutations

You reflexively headbutt those who attack you in melee.
You have a pair of horns on your head.


Message History

Sonja hits you but does no damage.
You feel a strange sense of stasis.
You completely miss Sonja.
Sonja is lightly wounded.
Sonja closely misses you. You block Sonja's attack.
Sonja hits you but does no damage.
You feel a strange sense of stasis.
You barely miss Sonja.
Sonja is lightly wounded.
Sonja zaps a wand.
The bolt of acid hits you!
You are splashed with acid!
The acid burns!
You feel much better.
Sonja casts a spell.
Sonja blinks!
Okay, then.
You feel yourself speed up.
Sonja zaps a wand.
The bolt of acid hits you! The acid corrodes you!
You are splashed with acid!
The acid burns!
* * * LOW HITPOINT WARNING * * *
Sonja zaps a wand.
The bolt of acid hits you!
* * * LOW HITPOINT WARNING * * *
You are splashed with acid!
The acid burns!
You die...

#..####..#...#.####§§#####
#..#__####..##(#§§≈§§#..#
#..#_____##'#_.§§§≈§§§§.#
#⌠⌠#_.∩...'..)_#§§§§§#..#
####_..__##_.#'##§#####+#
#_____###+#.#...[###
#########.####+###[##
+$.$K(..(.'[∩#
#$@$########## ##.## #+#


You could see Sonja.

Vanquished Creatures
  2 centaur warriors (D)
  A deep troll (D)
  2 kobold demonologists (D)
  A hornet (D)
  A slime creature (D)
  Sigmund (D)
  A yak (D)
  A floating eye (D)
  An ogre (D)
  A jelly (D)
  Ijyb (D)
13 creatures vanquished.

Notes
Turn   | Place    | Note
-------+----------+-------------------------------------------
     0 | D        | Mesmaeker13 the Minotaur Fighter began the quest for the Orb.
     0 | D        | Reached XP level 1. HP: 19/19 MP: 0/0
     1 | D        | Noticed Ijyb
    11 | D        | Killed Ijyb
    11 | D        | Reached skill level 5 in Fighting
    11 | D        | Reached skill level 5 in Armour
    11 | D        | Reached skill level 5 in Shields
    11 | D        | Reached XP level 2. HP: 27/29 MP: 1/1
    94 | D        | Noticed an ogre
    99 | D        | Killed an ogre
    99 | D        | Reached XP level 3. HP: 25/38 MP: 2/2
    99 | D        | Reached XP level 4. HP: 29/45 MP: 3/3
   218 | D        | Noticed Sigmund
   239 | D        | Killed Sigmund
   239 | D        | Reached XP level 5. HP: 12/56 MP: 4/4
   239 | D        | Reached XP level 6. HP: 14/62 MP: 5/5
   490 | D        | Found a deep blue altar of Sif Muna.
   491 | D        | Found an ornate altar of the Wu Jian Council.
   492 | D        | Found a radiant altar of Vehumet.
   524 | D        | Found Istitaq's Jewellery Emporium.
   524 | D        | Found an ancient bone altar of Kikubaaqudgha.
   524 | D        | Found a hazy altar of Hepliaklqana.
   524 | D        | Found a stormy altar of Qazlal.
   524 | D        | Found a hide-covered altar of Uskayaw.
   524 | D        | Found a blossoming altar of Fedhas.
   524 | D        | Found a bloodstained altar of Trog.
   524 | D        | Found an iron altar of Okawaru.
   524 | D        | Found a basalt altar of Yredelemnul.
   524 | D        | Found a glowing golden altar of the Shining One.
   524 | D        | Found a snail-covered altar of Cheibriados.
   524 | D        | Found a sacrificial altar of Ru.
   524 | D        | Found a glowing silver altar of Zin.
   524 | D        | Found a shadowy altar of Dithmenos.
   524 | D        | Found a white marble altar of Elyvilon.
   524 | D        | Noticed a yak
   530 | D        | Killed a yak
   531 | D        | Found an opulent altar of Gozag.
   532 | D        | Found a sparkling altar of Nemelex Xobeh.
   540 | D        | Bought an uncursed ring of poison resistance for 220 gold pieces
   542 | D        | Became a worshipper of Trog the Wrathful
   586 | D        | Found a burning altar of Makhleb.
   586 | D        | Found a viscous altar of Jiyva.
   586 | D        | Found a shimmering altar of Xom.
   586 | D        | Found a corrupted altar of Lugonu.
   586 | D        | Noticed a slime creature
   596 | D        | Killed a slime creature
   596 | D        | Reached skill level 10 in Fighting
   596 | D        | Reached skill level 10 in Armour
   596 | D        | Reached skill level 10 in Shields
   596 | D        | Reached XP level 7. HP: 45/72 MP: 6/6
   730 | D        | Noticed a kobold demonologist
   731 | D        | Noticed a kobold demonologist
   732 | D        | Noticed a red devil
   732 | D        | Reached skill level 10 in Maces & Flails
   736 | D        | Noticed a red devil
   738 | D        | Killed a kobold demonologist
   738 | D        | Reached * piety under Trog
   744 | D        | Killed a kobold demonologist
   744 | D        | Reached ** piety under Trog
   744 | D        | Reached XP level 8. HP: 82/82 MP: 7/7
   903 | D        | Noticed a centaur warrior
   904 | D        | Noticed a centaur warrior
   915 | D        | Killed a centaur warrior
   920 | D        | Killed a centaur warrior
   920 | D        | Reached XP level 9. HP: 61/92 MP: 8/8
  1249 | D        | Noticed a deep troll
  1255 | D        | Killed a deep troll
  1399 | D        | Found Such's Armour Emporium.
  1412 | D        | Noticed Sonja
  1423 | D        | Splashed by Sonja's acid

Skill      XL: |  1  2  3  4  5  6  7  8  9 |
---------------+----------------------------+-----
Fighting       | 5 6 8 10 11 12 13 | 13.5
Maces & Flails | 4 6 7 9 11 12 13 | 13.2
Armour         | 5 6 8 10 11 12 13 | 13.5
Shields        | 5 6 8 10 11 12 13 | 13.5

Action                   |  1- 3 |  4- 6 |  7- 9 || total
-------------------------+-------+-------+-------++-------
Melee: Flail             |    13 |    31 |    44 ||    88
       Headbutt          |     1 |     9 |     9 ||    19
Invok: Berserk           |       |       |     1 ||     1
  Use: Potion            |       |       |     3 ||     3
  Eat: Ration            |       |       |     1 ||     1
Armor: Scale mail        |     5 |     6 |     9 ||    20
Dodge: Dodged            |     2 |     4 |    15 ||    21
Block: Shield            |     5 |     6 |    33 ||    44
